[Event "FIDE U16 Olympiad_boards_1-80"]
[Site "Eindhoven, Netherlands"]
[Date "2023.08.14"]
[Round "3.1"]
[White "Gaal, Zsoka"]
[Black "Ansat, Aldiyar"]
[Result "1/2-1/2"]
[TimeControl "2700+10"]
[WhiteElo "2254"]
[BlackElo "2370"]

1. Nf3 Nf6 2. g3 g6 3. b3 Bg7 4. Bb2 d6 5. d4 b5 6. Qd3 a6 7. e4 Bb7 8. Nbd2 d5 9. e5 Ne4 10.
Bg2 c5 11. dxc5 Nxc5 12. Qe3 Ne6 13. Nd4 Nxd4 14. Bxd4 Nc6 15. c3 Nxd4 16. cxd4 e6 17. a4 b4 18. O-O Rc8 19. Nc4 O-O 20.
Nd6 Rc3 21. Qd2 Ba8 22. Rfc1 Rxb3 23. Bf1 Qa5 24. Rc5 Qb6 25. a5 Qb8 26. Rac1 Rc3 27. R1xc3 bxc3 28. Qxc3 f6 29. Bh3 h5 30. Bxe6+ Kh7 31. Rc8 Rxc8 32. Qxc8 Qxc8 33. Bxc8 fxe5 34.
Bxa6 exd4 35. Bd3 Be5 36. Nc8 Kg7 37. a6 Bc7 38. Ne7 g5 39. Nf5+ Kf6 40. Nxd4 Bb6 41. Nb5 g4 42. Kf1 Bc6 43.
Nc3 d4 44. Ne2 Kg5 45. Nf4 h4 46.
Bc4 hxg3 47. fxg3 Kf5 48. Ke2 Ke4 49. Bd3+ Ke5 50. Kd2 Kd6 51. Be2 Bd7 52. Nd3 Bc8 53. Nf2 d3 54. Ne4+ Ke5 55. Bxd3 Bxa6 56. Nc3 Bxd3 57.
Kxd3 Bg1 58. Ke2 Bxh2 59. Kf2 Bxg3+ 60. Kxg3 Kd4 61. Kxg4 Kxc3 1/2-1/2

[Event "FIDE U16 Olympiad_boards_1-80"]
[Site "Eindhoven, Netherlands"]
[Date "2023.08.14"]
[Round "3.2"]
[White "Sapenov, Daniyal"]
[Black "Palczert, Matyas"]
[Result "1-0"]
[TimeControl "2700+10"]
[WhiteElo "2268"]
[BlackElo "2163"]

1. e4 c5 2. Nf3 d6 3. d4 cxd4 4. Nxd4 Nf6 5. Nc3 a6 6. Be3 e5 7. Nb3 Be6 8. f3 Be7 9. Qd2 h5 10.
O-O-O Nbd7 11. Kb1 Rc8 12. Nd5 Nxd5 13. exd5 Bf5 14. Bd3 Bxd3 15. Qxd3 Bg5 16. Bf2 O-O 17. h4 Bh6 18. g4 Bf4 19.
Nd2 Bxd2 20. Qxd2 Nf6 21. Rdg1 hxg4 22. h5 Qc7 23. h6 g6 24. h7+ Kh8 25. Bh4 Nd7 26. fxg4 f6 27. Bf2 Nc5 28.
Bxc5 Qxc5 29. Qd3 Kg7 30. c3 Rh8 31. Ka1 Qc4 32. Qd2 Qf4 33. Qe2 Rxh7 34. Rxh7+ Kxh7 35. Rf1 Qh6 36. Qg2 Qg7 37.
Qf2 Rf8 38. c4 f5 39. Qh4+ Kg8 40. gxf5 Rxf5 41. Rg1 Qf6 42. Qh3 b6 43. a3 e4 44. Ka2 Rf2 45. Qc8+ Kg7 46. Qc7+ Kh6 47.
Rh1+ Kg5 48. Qxb6 Re2 49. Qg1+ Kf4 50. Qf1+ Ke5 51. Qxe2 Qf3 52. Qxf3 exf3 53. Rf1 Kf4 54. c5 1-0

[Event "FIDE U16 Olympiad_boards_1-80"]
[Site "Eindhoven, Netherlands"]
[Date "2023.08.14"]
[Round "3.3"]
[White "Kolimar, Kristof Pal"]
[Black "Mamedov, Edgar"]
[Result "1-0"]
[TimeControl "2700+10"]
[WhiteElo "2182"]
[BlackElo "2091"]

1. d4 d5 2. Nf3 Nf6 3. c4 c6 4. g3 Bf5 5. Nc3 e6 6. Nh4 dxc4 7. Nxf5 exf5 8. e3 Nbd7 9. Bxc4 Nb6 10. Bb3 Qd7 11. Bd2 Be7 12.
f3 O-O 13. O-O Rad8 14. Ne2 c5 15. Rc1 cxd4 16. Nxd4 Nfd5 17. Qc2 g6 18. Rfd1 Bf6 19. Ne2 Qe7 20. e4 fxe4 21. fxe4 Rfe8 22.
exd5 Qxe2 23. Bf4 Qf3 24. Qf2 Qxf2+ 25. Kxf2 Bxb2 26. Rc7 Be5 27. d6 Bxf4 28. Bxf7+ Kf8 29. gxf4 Re4 30. Kf3 Ra4 31.
Bb3 Ra3 32. Rf7+ Kg8 33. Rxb7+ Kh8 34. Kg4 Nd7 35. Rc1 Ra5 36. Rcc7 Nf6+ 37. Kf3 Rh5 38. Rf7 Ng8 39. d7 Rxh2 40.
Rc7 Rd2 41. Be6 Rb2 42. Rxa7 Rb6 43. Bh3 Rd6 44. Rc7 Ra6 45. Rc8 Ra8 46. a4 Rb8 47. a5 Rb3+ 48. Ke2 Rb8 49. a6 Ra8 50.
a7 h6 51. Rxa8 Rxa8 52. Be6 h5 53. Bd5 1-0

[Event "FIDE U16 Olympiad_boards_1-80"]
[Site "Eindhoven, Netherlands"]
[Date "2023.08.14"]
[Round "3.4"]
[White "Nurmanova, Alua"]
[Black "Giang, Tran Nam"]
[Result "1/2-1/2"]
[TimeControl "2700+10"]
[WhiteElo "2252"]
[BlackElo "2098"]

1. e4 c5 2. Nf3 e6 3. d4 cxd4 4. Nxd4 a6 5. Bd3 Nc6 6. Nxc6 dxc6 7. O-O e5 8. Be3 Nf6 9. h3 Be6 10.
a4 b5 11. Nd2 Be7 12. Qe2 O-O 13. c4 b4 14. c5 a5 15. Rac1 Qc7 16. Bc4 Bxc4 17. Qxc4 Rfd8 18. Nb3 Qd7 19.
Rfd1 Qxd1+ 20. Rxd1 Rxd1+ 21. Kh2 Rd7 22. Qc2 Bd8 23. Nd2 Bc7 24. Nc4 Rad8 25. Nd6 Bxd6 26. cxd6 Rxd6 27. Qc5 Nxe4 28. Qxe5 Nd2 29. Bxd2 Rxd2 30.
Qxa5 c5 31. Qb6 Rc8 32. Qb7 Rf8 33. b3 Rd3 34. Qc6 Rxb3 35. Qxc5 Rb1 36. Qc4 h6 37. Qa2 Rd1 1/2-1/2

[Event "FIDE U16 Olympiad_boards_1-80"]
[Site "Eindhoven, Netherlands"]
[Date "2023.08.14"]
[Round "3.5"]
[White "Xue, Haowen"]
[Black "Magold, Filip"]
[Result "1-0"]
[TimeControl "2700+10"]
[WhiteElo "2214"]
[BlackElo "2195"]

1. c4 c6 2. d4 d5 3. Nc3 Nf6 4. Nf3 dxc4 5. a4 Bf5 6. e3 e6 7. Bxc4 Be7 8. O-O O-O 9. Qe2 Bg6 10.
Ne5 Nbd7 11. Nxg6 hxg6 12. Rd1 a6 13. Qc2 Qc7 14. Bd2 e5 15. Qxg6 Nb6 16. Bb3 Rad8 17. Ne2 Nbd5 18. Qc2 Bd6 19.
h3 Qe7 20. dxe5 Qxe5 21. Ng3 Rfe8 22. Be1 Nh5 23. Nf1 Qg5 24. Bxd5 cxd5 25. Bc3 Re6 26. Rd4 f5 27. Rad1 Rg6 28.
f4 Bxf4 29. exf4 Nxf4 30. Qd2 Nxh3+ 31. Kh2 f4 32. Rxd5 Rxd5 33. Qxd5+ Qxd5 34. Rxd5 Nf2 35. Rf5 Nd3 36. Kg1 Rb6 37.
Nd2 Re6 38. Nf3 Re2 39. Rg5 Re7 40. Rd5 Nc1 41. Ng5 1-0

[Event "FIDE U16 Olympiad_boards_1-80"]
[Site "Eindhoven, Netherlands"]
[Date "2023.08.14"]
[Round "3.6"]
[White "Filip, Andrei"]
[Black "Xiao, Tong(Qd)"]
[Result "0-1"]
[TimeControl "2700+10"]
[WhiteElo "2182"]
[BlackElo "2128"]

1. e4 c5 2. Nf3 d6 3. Bb5+ Bd7 4. Bxd7+ Qxd7 5. c4 Nc6 6.
Nc3 Nf6 7. d4 cxd4 8. Nxd4 g6 9. f3 Bg7 10. Be3 O-O 11. O-O Rfc8 12. b3 Qd8 13. Qd2 Qa5 14. Rfd1 a6 15. a4 Nd7 16.
Nde2 Rab8 17. Rab1 Re8 18. Bf2 Nc5 19. Qe3 Nb4 20. Nd5 b5 21. Qd2 Ncd3 22. Be1 bxc4 23. Nxb4 Qc5+ 24. Kf1 Rxb4 25.
bxc4 Rxb1 26. Rxb1 Qxc4 27. a5 Bf6 28. Bg3 h5 29. Rd1 Nc5 30. Kg1 Nb3 31. Qe3 Nxa5 32. Nf4 Nc6 33. Qa3 Rb8 34.
Rc1 Bd4+ 35. Kh1 Bb2 36. Rxc4 Bxa3 37. h4 Bc5 38. Kh2 Rb5 39. Nd5 Kf8 40. Nc7 Rb6 41. Nd5 Rb1 42. Bf4 a5 43. e5 Rd1 44. Nc3 Rd4 45.
Rxd4 Bxd4 46. exd6 Bxc3 47. d7 a4 0-1

[Event "FIDE U16 Olympiad_boards_1-80"]
[Site "Eindhoven, Netherlands"]
[Date "2023.08.14"]
[Round "3.7"]
[White "Kong, Xiangrui"]
[Black "Cnejev, Vladimir-Alexandru"]
[Result "1-0"]
[TimeControl "2700+10"]
[WhiteElo "2381"]
[BlackElo "2164"]

1. e4 e5 2. Nf3 Nc6 3. Bb5 Nf6 4. d3 d6 5. O-O a6 6. Bxc6+ bxc6 7. d4 exd4 8. Nxd4 Bd7 9. Nc3 Be7 10. Qf3 O-O 11. b3 Re8 12.
Bb2 Bf8 13. Rfe1 c5 14. Nde2 g6 15. Rad1 Bg7 16. Ba1 Qc8 17. h3 Qb7 18. Nf4 Bc6 19. Ncd5 Bxd5 20. exd5 Nd7 21. Bxg7 Kxg7 22.
h4 Ne5 23. Qg3 Kh8 24. Re3 c4 25. Qg5 cxb3 26. axb3 Qc8 27. Rde1 Rf8 28. Rg3 Qd8 29. Qh6 Rg8 30. Nh3 Qf6 31.
f4 Nd7 32. Ng5 Rg7 33. h5 Qxf4 34. Rh3 Ne5 35.
hxg6 fxg6 36. Qxg7+ 1-0

[Event "FIDE U16 Olympiad_boards_1-80"]
[Site "Eindhoven, Netherlands"]
[Date "2023.08.14"]
[Round "3.8"]
[White "Maria, Lia-Alexandra"]
[Black "Lu, Miaoyi"]
[Result "0-1"]
[TimeControl "2700+10"]
[WhiteElo "1859"]
[BlackElo "2170"]

1. e4 c5 2. Nf3 e6 3. d4 cxd4 4. Nxd4 Nf6 5. Nc3 Nc6 6.
Nxc6 bxc6 7. e5 Nd5 8. Ne4 Bb7 9. c4 Nb4 10. c5 Qb8 11. Nd6+ Bxd6 12. exd6 Ba6 13. Bxa6 Nxa6 14. O-O O-O 15. Qd4 Qb5 16.
Be3 Nb4 17. Rfc1 Nd5 18. Bd2 a5 19. a4 Qb7 20. Ra3 f6 21. Rc2 Rf7 22. f4 Re8 23. Qe4 Qa7 24. Rh3 f5 25. Qe2 Nf6 26. Be1 Ne4 27. Bf2 e5 28. fxe5 Rxe5 29. Bd4 Re6 30. Re3 Rf8 31.
g4 Ng5 32. h4 Nh3+ 33. Kh2 Nf4 34. Qf3 fxg4 35. Qxg4 Rg6 36. Qd1 Qb8 37. Re7 Qb3 38. Bc3 Nd5 39. h5 Rg5 40. h6 Nxe7 41.
dxe7 Re8 42. hxg7 Qxa4 43. Bd4 Qb3 44. Rf2 Qg3+ 45. Kh1 Qh4+ 46. Rh2 Qe4+ 0-1

[Event "FIDE U16 Olympiad_boards_1-80"]
[Site "Eindhoven, Netherlands"]
[Date "2023.08.14"]
[Round "3.10"]
[White "Han, Johnathan"]
[Black "De Winter, Arthur"]
[Result "0-1"]
[TimeControl "2700+10"]
[WhiteElo "2199"]
[BlackElo "2360"]

1. e4 c5 2. Nf3 d6 3. d4 cxd4 4. Nxd4 Nf6 5. Nc3 a6 6. Bg5 Nbd7 7. Qe2 Qa5 8. Bd2 h5 9. O-O-O b5 10.
Nb3 Qc7 11. a3 Bb7 12. g3 g6 13. Bg2 Bg7 14. f4 e5 15. Kb1 exf4 16. Nd5 Bxd5 17. exd5+ Kf8 18. gxf4 Kg8 19. Ba5 Qb7 20.
Rhe1 Re8 21. Qf1 Kh7 22. Nd4 Ng4 23. Ne6 fxe6 24. dxe6 Qa7 25. exd7 Qxd7 26. Be4 Rhf8 27. Qd3 Rxe4 28.
Qxe4 Nf2 29. Qf3 Nxd1 30. Rxd1 Rf5 31. Bb4 Be5 32.
Bd2 Qf7 33. Qd3 Bxf4 34. Bxf4 Rxf4 35. Qxd6 Qf6 36. Qc7+ Kh6 37. Rd6 Rf1+ 38. Ka2 Qf4 39. h3 Rf2 40. Qc5 a5 41. Rd8 Qc4+ 42. Qxc4 bxc4 43. c3 Rh2 44. Rh8+ Kg5 45. Ra8 Rxh3 46.
Rxa5+ Kh4 47. Rc5 g5 48. a4 Rd3 49. a5 g4 50. Rxc4 Kg3 51. Rd4 Re3 52. a6 h4 53. Rd8 Re6 54.
Ra8 h3 55. b4 h2 56. Rh8 Rxa6+ 57. Kb3 Ra1 58. b5 h1=Q 59. Rxh1 Rxh1 60. c4 Kf4 61. c5 Rb1+ 62. Kc4 g3 63. Kd4 0-1

[Event "FIDE U16 Olympiad_boards_1-80"]
[Site "Eindhoven, Netherlands"]
[Date "2023.08.14"]
[Round "3.11"]
[White "Kumar, Prajit Sai"]
[Black "Chen, Max"]
[Result "0-1"]
[TimeControl "2700+10"]
[WhiteElo "2160"]
[BlackElo "2049"]

1. d4 Nf6 2. Nf3 b6 3. Bg5 e6 4.
Nbd2 h6 5. Bh4 Bb7 6. e3 d6 7. Bd3 g5 8. Bg3 Nh5 9. e4 Bg7 10. c3 Nd7 11. Nc4 Qe7 12. Qe2 e5 13. Ne3 Qf6 14.
Nf5 O-O-O 15. dxe5 dxe5 16. Ba6 Nf4 17. Bxf4 exf4 18. Bxb7+ Kxb7 19. O-O-O Rhe8 20. Qc4 Bf8 21. Rd2 Nc5 22.
Re1 Qe6 23. Qxe6 fxe6 24. N5d4 e5 25. b4 exd4 26. bxc5 dxc3 27. Rxd8 Rxd8 28. cxb6 cxb6 29. Kc2 a5 30. Re2 Bb4 31.
h3 a4 32. e5 b5 33. e6 Kc6 34. e7 Re8 35. Nd4+ Kc5 36. Kd3 Kd5 37. Nxb5 Kc6 38. Nxc3 Bxe7 39. Nxa4 Rd8+ 40. Kc4 Bd6 41.
f3 Rc8 42. Nc3 Kd7+ 43. Kd3 Ra8 44. Nd5 Kc6 45. Nf6 Ra4 46. Re6 Ra3+ 47. Kd4 0-1

[Event "FIDE U16 Olympiad_boards_1-80"]
[Site "Eindhoven, Netherlands"]
[Date "2023.08.14"]
[Round "3.12"]
[White "Jiang, Kate Yuhua"]
[Black "Verheij, Dana"]
[Result "0-1"]
[TimeControl "2700+10"]
[WhiteElo "1770"]
[BlackElo "1829"]

1. e4 c5 2. c3 Nf6 3. e5 Nd5 4. Nf3 d6 5. exd6 e6 6. g3 Bxd6 7. Bg2 Nc6 8. O-O O-O 9. d4 cxd4 10.
Nxd4 Nxd4 11. Qxd4 Qc7 12. Re1 Bd7 13. c4 Nf6 14. Nc3 Rfd8 15. Bg5 Be7 16. Bf4 Qc8 17. Qe5 Bc6 18. b3 Bxg2 19.
Kxg2 Qc6+ 20. f3 Bc5 21. Be3 Bb4 22. Rac1 Rd3 23. Re2 Nd7 24. Qe4 Rxc3 25. Rxc3 Bxc3 26. Qd3 Bf6 27. Bf4 Rd8 28.
Qe3 e5 29. Bg5 Bxg5 30. Qxg5 Qf6 31. Qe3 b6 32. b4 h6 33. Qe4 Nf8 34. c5 Ne6 35. cxb6 axb6 36. Rf2 Rd4 37. Qa8+ Kh7 38.
a3 Nc7 39. Qb7 Nd5 40. h3 Ne3+ 41. Kh2 Nc4 42. a4 Qf5 43. Qc6 Qe6 44. Qa8 Qd5 45. Qc8 Rd2 46. Rxd2 Qxd2+ 0-1

[Event "FIDE U16 Olympiad_boards_1-80"]
[Site "Eindhoven, Netherlands"]
[Date "2023.08.14"]
[Round "3.13"]
[White "Gurel, Ediz"]
[Black "Piliposyan, Robert"]
[Result "1-0"]
[TimeControl "2700+10"]
[WhiteElo "2302"]
[BlackElo "2265"]

1. e4 e5 2. Nf3 Nc6 3. Bb5 a6 4. Ba4 Nf6 5. O-O Be7 6. Bxc6 dxc6 7. d3 Bd6 8. Nbd2 Be6 9. d4 Nd7 10. dxe5 Nxe5 11. Nxe5 Bxe5 12. f4 Bd4+ 13.
Kh1 f5 14. c3 Bc5 15. exf5 Bxf5 16. Re1+ Be7 17. Qe2 Kf7 18. Nf3 Re8 19. g4 Bc8 20. f5 Bf6 21. Qxe8+ Qxe8 22. Rxe8 Kxe8 23.
Bf4 c5 24. Re1+ Kf8 25. Bxc7 b5 26. Bd6+ Kf7 27. Bxc5 Bb7 28. Kg2 h5 29. Kg3 hxg4 30. Ne5+ Bxe5+ 31. Rxe5 Re8 32. Rxe8 Kxe8 33. Kxg4 Be4 34. Kf4 Bb1 35. a3 Bc2 36. b4 Kf7 37. Ke5 Bd3 38. h4 Bc2 39.
Be3 Bd1 40. Bg5 Be2 41. f6 gxf6+ 42. Bxf6 Ke8 43. Kd6 Bf3 44.
Kc7 Be2 45. Kb6 Kd7 46. Kxa6 Kc6 47. Ka5 Bd1 48. Bd4 Bf3 49. a4 bxa4 50. b5+ Kd5 51. Kxa4 Be2 52. Kb4 Bd1 53. Bf2 Be2 54.
Be1 Kd6 55. c4 Bg4 56. Bg3+ Ke6 57. Ka5 Be2 58. b6 Bf3 59. Ka6 1-0

[Event "FIDE U16 Olympiad_boards_1-80"]
[Site "Eindhoven, Netherlands"]
[Date "2023.08.14"]
[Round "3.14"]
[White "Gasparyan, Erik R."]
[Black "Erdogmus, Yagiz Kaan"]
[Result "1/2-1/2"]
[TimeControl "2700+10"]
[WhiteElo "2272"]
[BlackElo "2353"]

1. d4 Nf6 2. c4 e6 3. g3 d5 4. Bg2 Bb4+ 5. Bd2 a5 6. Qc2 O-O 7. Nf3 b6 8. O-O Bb7 9. Ne5 Nbd7 10.
Bf4 c6 11. Rd1 Rc8 12. c5 a4 13. Nd3 bxc5 14. dxc5 Ba5 15. Qxa4 Bc7 16. Bxc7 Qxc7 17. Nd2 e5 18. b4 e4 19.
Nf4 g5 20. Nh3 h6 21. Qc2 Nh5 22. a4 g4 23. Nf4 Nxf4 24. gxf4 Qxf4 25. Nxe4 Rc7 26. Nd6 Qxb4 27. Qf5 Bc8 28. e4 Nxc5 29. Nxc8 Rcxc8 30.
Qxg4+ Kh8 31. Qh5 Kg7 32. exd5 cxd5 33. Qxd5 Qf4 34. Rd4 Qf6 35. Rc1 Rfd8 36. Rg4+ Kh8 37. Qf3 Qxf3 38. Bxf3 Nd3 39. Rxc8 Rxc8 40. Bd5 Rc1+ 41.
Kg2 Rc2 42. Kg3 f5 43. Rd4 Nxf2 44. a5 Ne4+ 45. Kf4 Nc5 46. Rc4 Rxc4+ 47. Bxc4 Kg7 48. Kxf5 Nb7 49. a6 Nd6+ 50. Ke5 Nxc4+ 51. Kd4 Nd6 52. Kc5 Nc8 53.
Kc6 Kf6 54. Kc7 Na7 55. Kb6 Nc8+ 56. Kc7 Na7 57. Kb6 Nc8+ 1/2-1/2

[Event "FIDE U16 Olympiad_boards_1-80"]
[Site "Eindhoven, Netherlands"]
[Date "2023.08.14"]
[Round "3.15"]
[White "Kilic, Eray"]
[Black "Agasarov, Benik"]
[Result "1/2-1/2"]
[TimeControl "2700+10"]
[WhiteElo "2433"]
[BlackElo "2182"]

1. Nf3 d5 2. g3 Nf6 3. Bg2 e6 4. O-O Be7 5. d4 O-O 6. c4 dxc4 7. Qc2 a6 8. a4 Bd7 9. Qxc4 Bc6 10.
Bf4 Bd6 11. Bg5 Nbd7 12. Nc3 h6 13. Bxf6 Nxf6 14. Rfd1 a5 15. Ne5 Bxg2 16. Kxg2 c6 17. e4 Qe7 18. Nd3 Bb4 19. e5 Nd5 20.
Nxd5 cxd5 21. Qb5 Rfc8 22. Rac1 g6 23. f4 h5 24. h4 Kh7 25. Kh3 Kg8 26. f5 gxf5 27. Rxc8+ Rxc8 28. Nf4 f6 29. exf6 Qxf6 30. Qd7 Rd8 31.
Qxb7 Bd6 32. Qb6 Rd7 33. Re1 Qg7 34. Rxe6 Qg4+ 35. Kh2 Rg7 36. Qd8+ Bf8 37. Re3 Qd1 38. Qxd5+ Rf7 39. Re6 Qc2+ 40.
Kh3 Qd1 41. Rg6+ Bg7 42. Ne6 Qf1+ 43. Qg2 Qd1 44. Ng5 f4 45. Qa8+ Rf8 46. Rxg7+ Kxg7 47. Qb7+ Kg6 48. Qc6+ Kg7 49.
Qd7+ Kg6 50. Qe6+ Kg7 51. Qe7+ Kg6 52. Qe4+ Kg7 53. Ne6+ Kf7 54. Qf5+ Ke7 55. Qxf8+ Kxe6 56. d5+ Kd7 57.
Qf5+ Ke8 58. Qe4+ Kd8 59. Kg2 Qd2+ 60. Kf3 fxg3 61. Kxg3 Qxb2 62. Qe6 Qb3+ 63. Kg2 Qxa4 64. Qb6+ Kd7 65. Qe6+ Kd8 66. Qf6+ Kd7 67. Qf5+ Kd6 68. Qxh5 Qe4+ 69. Kf2 Qf4+ 70. Ke2 Qe4+ 71. Kd2 Qxd5+ 72. Qxd5+ Kxd5 73. Kc3 Ke5 74. Kb3 Kf5 75. Ka4 Kg4 76. Kxa5 Kxh4 1/2-1/2

[Event "FIDE U16 Olympiad_boards_1-80"]
[Site "Eindhoven, Netherlands"]
[Date "2023.08.14"]
[Round "3.16"]
[White "Hayrapetyan, Nvard"]
[Black "Akat, Elifnaz"]
[Result "0-1"]
[TimeControl "2700+10"]
[WhiteElo "1530"]
[BlackElo "1726"]

1. e4 c5 2. Nc3 Nc6 3. Bb5 g6 4. Bxc6 dxc6 5. d3 Bg7 6. Nge2 e5 7. Be3 Qe7 8. Qd2 Nf6 9. h3 O-O 10.
O-O Nh5 11. Bh6 f5 12. Bxg7 Qxg7 13. f4 Qh6 14. Rf3 fxe4 15. Nxe4 exf4 16. g4 Ng7 17. Nxf4 g5 18. Qf2 Rxf4 19.
Rxf4 gxf4 20. g5 Qxh3 21. Nf6+ Kh8 22. Qxf4 Qf5 23. Qh4 Ne6 24. Ne4 Nd4 25. Qh6 Qg4+ 26. Kf2 Qf3+ 27. Kg1 Ne2+ 28.
Kh2 Qf4+ 29. Kg2 Bf5 30. Nf6 Qg3+ 31. Kf1 Nf4 0-1

[Event "FIDE U16 Olympiad_boards_1-80"]
[Site "Eindhoven, Netherlands"]
[Date "2023.08.14"]
[Round "3.17"]
[White "Suleimen, Ergali"]
[Black "Begmuratov, Khumoyun"]
[Result "0-1"]
[TimeControl "2700+10"]
[WhiteElo "2095"]
[BlackElo "2270"]

1. e4 c5 2. Nf3 d6 3. d4 cxd4 4. Nxd4 Nf6 5. Nc3 a6 6. Be3 e5 7. Nb3 Be6 8. f3 Be7 9. g4 h6 10.
Qd2 Nbd7 11. O-O-O Qc7 12. Kb1 Rc8 13. h4 b5 14. Rg1 Nb6 15. g5 hxg5 16. hxg5 Nfd7 17. g6 f5 18. Bd3 Nc4 19.
Bxc4 Qxc4 20. Bg5 Bxg5 21. Qxg5 b4 22. exf5 bxc3 23. Rxd6 Bd5 24. f6 cxb2 25. Qf5 Nxf6 26. Qxe5+ Kf8 27.
Rg2 Rh1+ 28. Kxb2 Re8 29. Rxf6+ gxf6 30. g7+ Kf7 31. Qf5 Kg8 32. Qd7 Bf7 33. Rg4 Qf1 34. Ka3 Qxf3 35. Rb4 Qd5 36.
Qa7 Rh5 37. Rb7 Kxg7 38. Rd7 Qe6 39. Qc7 Rd5 40. Qg3+ Kf8 41. Rb7 Qd6+ 0-1

[Event "FIDE U16 Olympiad_boards_1-80"]
[Site "Eindhoven, Netherlands"]
[Date "2023.08.14"]
[Round "3.18"]
[White "Bakhrillaev, Bakhrom"]
[Black "Nurgaliyev, Sauat"]
[Result "1/2-1/2"]
[TimeControl "2700+10"]
[WhiteElo "2144"]
[BlackElo "2062"]

1. d4 Nf6 2. c4 g6 3. Nc3 d5 4. cxd5 Nxd5 5. e4 Nxc3 6. bxc3 Bg7 7. Be3 c5 8. Qd2 Qa5 9. Nf3 O-O 10. Rb1 a6 11. Rc1 cxd4 12. cxd4 Qxd2+ 13. Kxd2 Rd8 14. Bd3 Bg4 15. Rc7 Bxf3 16. gxf3 e6 17. Rb1 b5 18. Rbc1 Nd7 19. Rb7 Rab8 20. Rcc7 Rxb7 21. Rxb7 Bf8 22.
Ra7 Nb8 23. Ra8 Nc6 24. Rxd8 Nxd8 25. d5 1/2-1/2

[Event "FIDE U16 Olympiad_boards_1-80"]
[Site "Eindhoven, Netherlands"]
[Date "2023.08.14"]
[Round "3.19"]
[White "Moldagali, Beksultan"]
[Black "Omonov, Asrorjon"]
[Result "0-1"]
[TimeControl "2700+10"]
[WhiteElo "1883"]
[BlackElo "2051"]

1. e4 c6 2. d4 d5 3.
Nd2 dxe4 4. Nxe4 Nf6 5.
Nxf6+ exf6 6. c3 Bd6 7. Bd3 O-O 8. Qc2 Re8+ 9. Ne2 h6 10.
O-O Qc7 11. h3 Nd7 12. Bd2 Nf8 13. c4 Be6 14. c5 Be7 15. Bf4 Qd7 16. Rad1 f5 17. Ng3 Ng6 18. Bc1 Nh4 19. Bc4 Bd5 20.
f3 Bf6 21. Nh5 Bg5 22. Nf4 Bxc4 23. Qxc4 Rad8 24. g3 Bxf4 25. Bxf4 Ng6 26. Bd6 Ne7 27. Bxe7 Rxe7 28. Rf2 Re3 29.
Kg2 f4 30. g4 Qe7 31. d5 cxd5 32. Qxf4 Qxc5 33. Qd4 Qxd4 34. Rxd4 g5 35. Rfd2 Re6 36. Rxd5 Rxd5 37. Rxd5 Re2+ 38. Kg3 Rxb2 39. Rd7 a5 40. a4 Kg7 41. h4 gxh4+ 42. Kxh4 Rb4 43. Kg3 Kf6 44. Rd5 Rxa4 45. Rd6+ Kg7 46. Rd5 b6 47. g5 hxg5 48. Rxg5+ Kf6 49. Rh5 Rb4 50. Kf2 a4 51.
Ke3 a3 52. Rh2 Rb2 53. Rh1 b5 54. Kd4 b4 55. Kc4 a2 56. Ra1 b3 57. Kc3 Rb1 0-1

[Event "FIDE U16 Olympiad_boards_1-80"]
[Site "Eindhoven, Netherlands"]
[Date "2023.08.14"]
[Round "3.20"]
[White "Khamdamova, Afruza"]
[Black "Kaldarova, Ayaulym"]
[Result "1-0"]
[TimeControl "2700+10"]
[WhiteElo "2112"]
[BlackElo "1845"]

1. e4 e6 2. d4 d5 3. Nd2 Be7 4. Bd3 c5 5. dxc5 Nf6 6. exd5 Qxd5 7. Ngf3 Nbd7 8. O-O Nxc5 9. Bc4 Qd6 10.
Qe2 O-O 11. Nb3 Nxb3 12. Bxb3 Qc7 13. Bg5 Bd7 14. Ne5 Rfd8 15. Rfe1 Be8 16. Bh4 Rac8 17. c3 b5 18. Bg3 Qb7 19.
Bc2 a5 20. Rac1 Bf8 21. Bh4 Be7 22. Bb1 Rd6 23. Qc2 g6 24. Bg3 Nh5 25. Qe2 Nxg3 26. hxg3 Rcd8 27. Be4 Qb8 28. Nf3 Bf6 29. g4 Bg7 30.
g5 Qb6 31. b3 b4 32. c4 Qc5 33. Red1 a4 34. Rxd6 Rxd6 35. Rd1 axb3 36. axb3 Bc3 37. Rd3 Bc6 38. Bxc6 Qxc6 39. Qd1 Rxd3 40. Qxd3 Qc5 41. g3 Kg7 42.
Kg2 Qa5 43. Qe3 Qf5 44. Nd4 Bxd4 45. Qxd4+ e5 46. Qe3 Qe6 47. Qe4 Qd6 48. Qb7 Qd2 49. Qe7 Qc3 50. c5 e4 51. Kh3 Qxb3 52.
Qf6+ Kf8 53. Qd8+ Kg7 54. Qf6+ Kf8 55. Qd6+ Ke8 56. Qb8+ Ke7 57. Qb7+ Ke8 58. Qxe4+ Kf8 59. Qa8+ Ke7 60. Qb7+ Kd8 61. c6 Qe6+ 62.
Kh2 Qd6 63. Qxf7 Qxc6 64. Qf8+ Kd7 65.
Qxb4 Qf3 66. Qd4+ Ke6 67. Kg1 Kf5 68. Qh4 Qd1+ 69. Kg2 Qd5+ 70. Kh2 Qf3 71. Kg1 Qd1+ 72. Kg2 Qd5+ 73. f3 Qd2+ 74. Kh3 Qxg5 75. Qxh7 Kf6 76.
Qd7 Qh6+ 77. Kg2 Qc1 78.
f4 Qc2+ 79. Kf3 Qb3+ 80. Kg4 Qc3 81. Qe8 Kg7 82. Qe5+ Qxe5 83. fxe5 Kf7 84. Kg5 Kg7 85. e6 1-0

[Event "FIDE U16 Olympiad_boards_1-80"]
[Site "Eindhoven, Netherlands"]
[Date "2023.08.14"]
[Round "3.21"]
[White "Samadov, Read"]
[Black "Kanov, Nikola"]
[Result "1-0"]
[TimeControl "2700+10"]
[WhiteElo "2355"]
[BlackElo "2283"]

1. d4 Nf6 2. c4 e6 3. Nf3 c5 4. d5 exd5 5. cxd5 d6 6. Nc3 g6 7. e4 a6 8. Qe2 Bg4 9. e5 dxe5 10.
Qxe5+ Qe7 11. Qxe7+ Bxe7 12. Ne5 Nbd7 13. Nxg4 Nxg4 14. Bf4 O-O 15. Be2 Ngf6 16. O-O-O Rfe8 17. Bf3 Bf8 18. d6 Ra7 19.
Rhe1 Rd8 20. g4 b5 21. g5 Ne8 22. Bc6 Rc8 23. Bxd7 Rxd7 24. Nd5 1-0

[Event "FIDE U16 Olympiad_boards_1-80"]
[Site "Eindhoven, Netherlands"]
[Date "2023.08.14"]
[Round "3.22"]
[White "Georgiev, Konstantin"]
[Black "Ahmad, Khagan"]
[Result "0-1"]
[TimeControl "2700+10"]
[WhiteElo "1995"]
[BlackElo "2163"]

1. e4 c5 2. Nf3 Nc6 3. d4 cxd4 4.
Nxd4 Nf6 5. Nc3 e5 6. Ndb5 d6 7. Bg5 a6 8. Na3 b5 9. Nd5 Be7 10. Bxf6 Bxf6 11. c3 Bg5 12. Nc2 Rb8 13.
g3 O-O 14. h4 Bh6 15. Bh3 Be6 16. Ncb4 Nxb4 17. Nxb4 Qb6 18. Bxe6 fxe6 19. O-O Rf6 20. Qe2 Rbf8 21. Rad1 Rxf2 22.
Rxf2 Rxf2 23. Rxd6 Rxe2+ 0-1

[Event "FIDE U16 Olympiad_boards_1-80"]
[Site "Eindhoven, Netherlands"]
[Date "2023.08.14"]
[Round "3.23"]
[White "Azadaliyev, Jahandar"]
[Black "Todev, Simeon"]
[Result "1/2-1/2"]
[TimeControl "2700+10"]
[WhiteElo "2156"]
[BlackElo "1932"]

1. d4 d5 2. c4 c6 3. e3 Bf5 4. Nc3 e6 5. Nf3 Nf6 6. Bd3 Bxd3 7. Qxd3 Bb4 8. Bd2 Nbd7 9. O-O O-O 10.
Nxd5 exd5 11. Bxb4 dxc4 12. Qxc4 Re8 13. Rad1 Nd5 14. Ba3 Rc8 15. Qc2 N7f6 16. Rfe1 b5 17. Bc5 Qa5 18. b4 Qa3 19.
Qb3 Qa6 20. Ne5 Qb7 21. a3 Nd7 22. Nxf7 Nxc5 23. Nh6+ gxh6 24. dxc5 Qf7 25. e4 Nf6 26. Qg3+ Qg6 27. Qxg6+ hxg6 28. f3 Rcd8 29. Rd6 Rxd6 30. cxd6 Kf7 31. Rc1 Rc8 32.
e5 Nd7 33. f4 Ke6 34. Kf2 Nb6 35. Kf3 Nc4 36. Rd1 Rd8 37. Ke4 h5 38. Rd3 Kf7 39. g3 Re8 40. h3 Nb2 41. Rc3 Nc4 42.
Rd3 Nb2 43. Rc3 Nc4 44. Rd3 a5 1/2-1/2

[Event "FIDE U16 Olympiad_boards_1-80"]
[Site "Eindhoven, Netherlands"]
[Date "2023.08.14"]
[Round "3.24"]
[White "Karaivanova, Petya"]
[Black "Abdinova, Narmin"]
[Result "0-1"]
[TimeControl "2700+10"]
[WhiteElo "1680"]
[BlackElo "1804"]

1. e4 c5 2. Nf3 a6 3. Nc3 b5 4. d4 cxd4 5. Nxd4 Bb7 6. Bd3 e6 7. Be3 Nf6 8. f3 Qc7 9. Qd2 Nc6 10.
g4 Nxd4 11. Bxd4 Bd6 12. Be3 Be5 13. Nd1 d5 14. g5 Nh5 15. c3 dxe4 16. Bxe4 Bxe4 17. fxe4 Rd8 18. Qg2 Nf4 19. Bxf4 Bxf4 20.
O-O Rd2 21. Rf2 Qc5 22. Kh1 Qxg5 23. Qf3 e5 24. Rxd2 Bxd2 25. Nf2 O-O 26. Rg1 Qe7 27. Ng4 Bf4 28. Rd1 Qh4 29. Qg2 Rd8 30.
Rf1 h5 31. Nf2 Rd2 32. Kg1 Rxb2 33. a3 Be3 34. Qf3 Bxf2+ 35. Rxf2 Rxf2 36. Qxf2 Qxf2+ 37. Kxf2 g5 38. Ke3 Kf8 39. Kd3 Ke7 40. c4 bxc4+ 41. Kxc4 Ke6 42. Kc5 g4 0-1

[Event "FIDE U16 Olympiad_boards_1-80"]
[Site "Eindhoven, Netherlands"]
[Date "2023.08.14"]
[Round "3.25"]
[White "Perossa, Nicolas"]
[Black "Pichon, Ewen"]
[Result "0-1"]
[TimeControl "2700+10"]
[WhiteElo "2062"]
[BlackElo "2194"]

1. e4 c5 2. Nf3 e6 3. c3 Nf6 4.
e5 Nd5 5. d4 cxd4 6. cxd4 d6 7. Nc3 Nc6 8. Bb5 Nxc3 9. bxc3 Bd7 10. exd6 Bxd6 11. Bd3 h6 12. Bc2 Qc7 13. Be3 Ne7 14.
O-O Nd5 15. c4 Nxe3 16. fxe3 Qxc4 17. Bd3 Qa4 18. Bc2 Qa6 19. Rb1 O-O 20. Bd3 Qxa2 21. Rxb7 Bc6 22. Rb1 Rfb8 23. Ra1 Qb3 24.
Qe2 Bb5 25. Bxb5 Qxb5 26. Qf2 Qd7 27.
Ra6 Rb7 28. Ne5 Bxe5 29. dxe5 Qb5 30. Rd6 Qxe5 31. Rd4 Rab8 32.
Qf3 f5 33. Rd2 Rb3 34. Re2 a5 35. Qf4 Qxf4 36. exf4 Kf7 37. Re5 R8b5 38. Re2 Rb1 39. Ra2 Rxf1+ 40. Kxf1 Kf6 41. Kf2 e5 42. fxe5+ Rxe5 43. Rb2 a4 44.
Rb6+ Re6 45. Rb2 a3 46. Ra2 Ra6 47. Ke3 Ke5 48. g3 g5 49. Kf3 Kd4 50.
h4 Kc3 51. hxg5 hxg5 52. Ke3 Kb3 53.
Ra1 a2 54. Kd4 0-1